 Dungeon Crawl Stone Soup version 0.18.1-50-g88ac8fd (webtiles) character file.

58119 pajak713 the Warrior (level 14, -26/137 HPs)
             Began as a Minotaur Fighter on May 23, 2016.
             Was the Champion of Okawaru.
             Killed from afar by a lich (35 damage)
             ... with a bolt of cold
             ... on level 3 of the Abyss on Oct 29, 2016.
             The game lasted 03:07:17 (23275 turns).

pajak713 the Warrior (Minotaur Fighter)            Turns: 23275, Time: 03:07:17

Health: -26/137    AC: 21    Str: 21    XL:     14   Next: 48%
Magic:  8/13       EV: 12    Int:  5    God:    Okawaru [******]
Gold:   1185       SH: 12    Dex: 14    Spells: 0 memorised, 13 levels left

rFire  . . .     SeeInvis .     z - +3 flail (freeze)
rCold  . . .     Gourm    .     p - +5 plate armour "Iboijut" {rElec Dex+3}
rNeg   + + .     Faith    .     c - +0 shield
rPois  +         Spirit   .     G - +0 hat
rElec  +         Dismiss  +     y - +0 cloak
rCorr  .         Reflect  .     s - +0 pair of gloves
SustAt .         Harm     .     U - +0 pair of boots {Fly}
MR     +....     NoTele   +     I - amulet of Cekugob {Dismiss -Tele rElec rPois rN++ AC+1 EV+1}
Stlth  ..........               (no ring)
                                m - ring of poison resistance

@: flying, drained, somewhat resistant to hostile enchantments, extremely
unstealthy
A: retaliatory headbutt, horns 2, blurry vision 2, deformed body, teleportitis
2, weak 2, evolution 1, subdued magic 2
a: Heroism, Finesse, Renounce Religion, Stop Flying


You were on level 3 of the Abyss.
You worshipped Okawaru.
Okawaru was exalted by your worship.
You were not hungry.

You visited 4 branches of the dungeon, and saw 19 of its levels.
You visited the Abyss 1 time.
You also visited: Ice Cave.

You collected 1185 gold pieces.

Inventory:

Hand Weapons
 z - a +3 flail of freezing (weapon)
 J - the +11 hand crossbow of Xehanig {velocity, rF++ rC+ MP+9 Int+3 Dex-2}
   (You found it on level 5 of the Lair of Beasts)

   Any bolt fired from it inflicts extra damage.
   It affects your intelligence (+3).
   It affects your dexterity (-2).
   It greatly protects you from fire.
   It protects you from cold.
   It affects your magic capacity (+9).
 S - a +3 great mace of holy wrath
 Y - a +0 great mace of pain
Missiles
 j - 177 bolts (quivered)
Armour
 c - a +0 shield (worn)
 n - a +4 chain mail of cold resistance
 p - the +5 plate armour "Iboijut" (worn) {rElec Dex+3}
   (You found it on level 3 of the Abyss)

   It affects your dexterity (+3).
   It insulates you from electricity.
 s - a +0 pair of gloves (worn)
 y - a +0 cloak (worn)
 G - a +0 hat (worn)
 U - a +0 pair of boots of flying (worn)
Jewellery
 m - a ring of poison resistance (left hand)
 u - an uncursed ring of wizardry
 D - an uncursed amulet of rage
 I - the amulet of Cekugob (around neck) {Dismiss -Tele rElec rPois rN++ AC+1 EV+1}
   (You found it on level 10 of the Dungeon)

   [amulet of dismissal]

   It may teleport away creatures that harm you.
   It affects your AC (+1).
   It affects your evasion (+1).
   It insulates you from electricity.
   It protects you from poison.
   It greatly protects you from negative energy.
   It prevents most forms of teleportation.
Wands
 C - a wand of polymorph (10/24)
 H - a wand of digging (6/24)
 M - a wand of flame (15/48)
 N - a wand of lightning (5/15)
 P - a wand of random effects (28/48)
 T - a wand of acid (9/15)
 W - a wand of slowing (18/48)
 Z - a wand of disintegration (13/24)
Scrolls
 a - 2 scrolls of recharging {unknown}
 e - 7 scrolls of remove curse
 i - 20 scrolls of identify
 k - 5 scrolls of teleportation
 l - 3 scrolls of enchant weapon
 w - a scroll of amnesia
 A - a scroll of acquirement {unknown}
 E - a scroll of fog
 V - a scroll of torment {unknown}
 X - a scroll of blinking
Potions
 b - 6 potions of haste
 d - a potion of might
 g - 2 potions of ambrosia
 h - a potion of magic
 v - 3 potions of curing
 x - a potion of brilliance {unknown}
 B - a potion of mutation {unknown}
 F - a potion of agility
 O - 2 potions of flight
 Q - 2 potions of lignification {unknown}
 R - 3 potions of cancellation {unknown}
Books
 L - a book of Air

   Spells                             Type                      Level
   a - Shock                          Conjuration/Air              1
   b - Swiftness                      Charms/Air                   2
   c - Repel Missiles                 Charms/Air                   2
   d - Static Discharge               Conjuration/Air              3
   e - Lightning Bolt                 Conjuration/Air              5
Comestibles
 f - 7 bread rations
 o - a royal jelly
 q - 9 meat rations
 r - 25 fruits
 t - 7 beef jerkies
 K - 6 slices of pizza


   Skills:
 + Level 16.1(16.0) Fighting
 - Level 14.2(14.1) Maces & Flails
 + Level 6.8(6.7) Crossbows
 + Level 12.2(12.1) Armour
 - Level 11.5(11.4) Dodging
 + Level 11.3(11.2) Shields


You had 13 spell levels left.
You didn't know any spells.

Dungeon Overview and Level Annotations

Branches:
Dungeon (10/15)            Temple (1/1) D:7            Lair (5/8) D:10
 Spider (3/4) Lair:5          Orc (0/2) D:9
  Swamp: Lair:3-6    Shoals: Lair:3-6

Altars:
Ashenzari
Cheibriados
Dithmenos
Elyvilon
Fedhas
Gozag
Kikubaaqudgha
Makhleb
Nemelex Xobeh
Okawaru
Pakellas
Qazlal
Ru
Sif Muna
Trog
Vehumet
Xom
Yredelemnul
Zin
The Shining One

Shops:
D:9 }

Annotations:
D:5 Menkaure; Pikel; smzp's ghost, amateur SpAs
D:8 exclusion: door
Spider:3 Louise


Innate Abilities, Weirdness & Mutations

You reflexively headbutt those who attack you in melee.
You have a pair of horns on your head.
You evolve.
[Scrolls take you longer to read.]
[Armour fits poorly on your strangely shaped body.]
[You are sometimes teleported next to monsters.]
[You are very weak. (Str -4)]
[Your spells are easier to cast, but less powerful.]


Message History

The small abomination barely misses you.
You furiously retaliate!
You headbutt the small abomination! You barely miss the small abomination.
You headbutt the small abomination!
The small abomination is severely damaged.
The wretched star glows turbulently.
The orb of energy hits you!
* * * LOW HITPOINT WARNING * * *
You closely miss the small abomination.
The small abomination is severely damaged.
The small abomination hits you but does no damage.
You hit the small abomination. You freeze the small abomination.
The small abomination is almost destroyed.
You block the small abomination's attack.
The wretched star pulses with an eldritch light!
Your connection to magic feels subdued.
Your connection to magic feels more subdued.
You hear some strange, mumbled words.
A bolt of cold appears from out of thin air!
The bolt of cold hits you!
You die...

.
#..###*#.#..##..##
.#
...##.....#..##.#..
# ........##### ..
.. .§ ###..#..## #.
. § #.......*# # ..
..# .#...##=# ## .
# #.#..####....
#.##.........
##.@x.###. ..
#.###..# #. ..# .##
### #. .. ..# #.


You could see a small abomination.

Vanquished Creatures
  An emperor scorpion (Spider:2)
  A blizzard demon (Abyss:3)
  Erica (D:9)
  A hydra (Lair:3)
  3 death yaks
  6 large abominations
  An unseen horror (D:10)
  6 orb spiders
  3 hornets
  13 wolf spiders
  A wizard (D:10)
  2 moths of wrath (Spider:3)
  Maurice (D:8)
  A black mamba (Lair:5)
  12 elephants
  7 spiny frogs
  Psyche (D:8)
  A torpor snail (Spider:1)
  A rime drake (Lair:4)
  The ghost of jesusflecha the Shield-Bearer, a novice GrFi of the Shining One (D:4)
  4 demonic crawlers
  An ice devil (Abyss:3)
  5 komodo dragons
  A troll (D:9)
  8 jumping spiders
  Grinder (D:4)
  A boulder beetle (Lair:5)
  A two-headed ogre (D:8)
  15 blink frogs
  33 redbacks
  15 tarantellas
  A wyvern (Lair:3)
  35 yaks
  A human (D:8)
  Eustachio (D:6)
  A hungry ghost (D:7)
  A steam dragon (D:9)
  7 hippogriffs
  A soldier ant (D:10)
  2 hell hounds (D:10)
  11 water moccasins
  9 porcupines
  7 small abominations (D:10)
  5 orc warriors
  An ice beast (D:9)
  3 sky beasts
  2 wasps
  4 phantoms
  An eye of draining (D:9)
  6 ogres
  6 wolves
  4 centaurs
  9 crocodiles
  A big kobold (D:7)
  21 giant frogs
  5 scorpions
  3 killer bees (D:7)
  16 wights
  6 howler monkeys
  An electric eel (Lair:5)
  A centaur zombie (D:7)
  3 crimson imps
  5 hounds
  A giant frog zombie (D:6)
  3 jellies
  A giant frog skeleton (D:10)
  A gnoll shaman (D:6)
  2 orc priests
  10 iguanas
  2 centaur skeletons
  Jessica (D:3)
  3 orc wizards
  10 worker ants
  18 sheep
  2 hound skeletons
  A mummy (D:8)
  Robin (D:3)
  4 gnolls (D:6)
  9 adders
  22 river rats
  4 shadow imps
  An ooze (D:3)
  3 adder skeletons
  5 worms
  A dart slug (D:3)
  8 giant geckos
  18 orcs
  7 giant cockroaches
  17 goblins
  9 hobgoblins
  8 kobolds
  4 quokkas
  A ball python (D:2)
  5 bats
  A giant cockroach zombie (D:5)
  2 giant gecko skeletons (D:4)
  9 giant newts
  2 hobgoblin zombies (D:8)
  A jackal skeleton (D:6)
  2 kobold zombies (D:8)
  A quokka zombie (D:8)
  10 rats
  A spectral orc (D:4)
  A plant (Lair:1)
  A starspawn tentacle (Abyss:3)
542 creatures vanquished.

Vanquished Creatures (others)
  A yak (D:4)
  7 fungi
  A lurking horror (Abyss:3)
  A starspawn tentacle (Abyss:3)
  149 starspawn tentacle segments (Abyss:3)
159 creatures vanquished.

Grand Total: 701 creatures vanquished

Notes
Turn   | Place    | Note
--------------------------------------------------------------
     0 | D:1      | pajak713 the Minotaur Fighter began the quest for the Orb.
     0 | D:1      | Reached XP level 1. HP: 19/19 MP: 0/0
   145 | D:1      | Reached XP level 2. HP: 27/27 MP: 1/1
   349 | D:1      | Reached skill level 4 in Fighting
   726 | D:1      | Reached XP level 3. HP: 33/33 MP: 2/2
  1149 | D:2      | Found a glowing silver altar of Zin.
  1220 | D:2      | Found a stormy altar of Qazlal.
  1874 | D:3      | Noticed Robin
  1875 | D:3      | Reached XP level 4. HP: 36/41 MP: 3/3
  1896 | D:3      | Killed Robin
  1896 | D:3      | Reached skill level 5 in Maces & Flails
  2347 | D:3      | Reached XP level 5. HP: 47/47 MP: 4/4
  2445 | D:3      | Reached skill level 5 in Fighting
  2467 | D:3      | Noticed Jessica
  2472 | D:3      | Killed Jessica
  2702 | D:4      | Noticed jesusflecha's ghost (novice GrFi)
  2892 | D:4      | Noticed Grinder
  2929 | D:4      | Reached XP level 6. HP: 21/56 MP: 5/5
  3160 | D:5      | Entered Level 5 of the Dungeon
  3160 | D:5      | Noticed a slave
  3160 | D:5      | Noticed a slave
  3162 | D:5      | Noticed Pikel
  3449 | D:5      | Noticed a slave
  3461 | D:4      | Killed Grinder
  3461 | D:4      | Reached skill level 6 in Fighting
  3536 | D:3      | Reached XP level 7. HP: 63/63 MP: 6/6
  3603 | D:4      | Killed jesusflecha's ghost
  3977 | D:4      | Reached skill level 7 in Fighting
  4004 | D:4      | Found a basalt altar of Yredelemnul.
  4079 | D:4      | Found an oddly glowing altar of Pakellas.
  4079 | D:4      | Noticed an orange crystal statue
  4080 | D:4      | Noticed a yak
  4091 | D:4      | Killed a yak
  4281 | D:4      | Reached XP level 8. HP: 11/73 MP: 7/7
  4642 | D:5      | Found a shadowy altar of Dithmenos.
  4684 | D:5      | Noticed Menkaure
  4684 | D:5      | Noticed smzp's ghost (amateur SpAs)
  5114 | D:6      | Reached skill level 10 in Maces & Flails
  5167 | D:6      | Noticed Eustachio
  5208 | D:6      | Killed Eustachio
  5208 | D:6      | Reached skill level 8 in Fighting
  6390 | D:7      | Reached XP level 9. HP: 81/82 MP: 8/8
  6395 | D:7      | Reached skill level 9 in Fighting
  6785 | D:7      | Found a staircase to the Ecumenical Temple.
  6794 | Temple   | Entered the Ecumenical Temple
  6807 | Temple   | Became a worshipper of Warmaster Okawaru
  6927 | D:7      | Reached skill level 1 in Dodging
  7203 | D:8      | Noticed Psyche
  7211 | D:8      | Killed Psyche
  7211 | D:8      | Reached * piety under Okawaru
  7211 | D:8      | Reached skill level 10 in Fighting
  7812 | D:8      | Reached XP level 10. HP: 94/94 MP: 9/9
  8202 | D:8      | Noticed Maurice
  8212 | D:8      | Killed Maurice
  8440 | D:9      | Reached skill level 5 in Dodging
  8566 | D:9      | Reached ** piety under Okawaru
  8582 | D:9      | Reached skill level 11 in Fighting
  8716 | D:9      | Found a burning altar of Makhleb.
  8717 | D:9      | Found Eguimig's Gadget Shoppe.
  8828 | D:9      | Found a staircase to the Orcish Mines.
  9097 | D:9      | Noticed Erica
  9411 | D:9      | Reached *** piety under Okawaru
  9509 | D:9      | Killed Erica
  9509 | D:9      | Reached skill level 12 in Fighting
  9509 | D:9      | Reached XP level 11. HP: 102/104 MP: 10/10
  9702 | D:9      | Found a blossoming altar of Fedhas.
 10096 | D:10     | Entered Level 10 of the Dungeon
 10230 | D:10     | Killed an unseen horror
 10230 | D:10     | Reached **** piety under Okawaru
 10465 | D:10     | Found a staircase to the Lair.
 10476 | D:10     | Noticed a wizard
 10495 | D:10     | Killed a wizard
 10495 | D:10     | Reached skill level 5 in Armour
 10850 | D:10     | Noticed a large abomination
 11236 | D:9      | Killed a large abomination
 11384 | D:9      | Reached ***** piety under Okawaru
 11395 | D:9      | Reached skill level 13 in Fighting
 11969 | Lair:1   | Entered Level 1 of the Lair of Beasts
 12673 | Lair:1   | Received a gift from Okawaru
 12689 | Lair:1   | Reached XP level 12. HP: 85/115 MP: 11/11
 12994 | Lair:1   | Reached skill level 5 in Shields
 13815 | Lair:2   | Reached skill level 10 in Dodging
 14177 | Lair:2   | Received a gift from Okawaru
 14209 | Lair:2   | Reached skill level 14 in Fighting
 15461 | Lair:3   | Noticed an eight-headed hydra
 15519 | Lair:3   | Killed an eight-headed hydra
 16021 | Lair:4   | Noticed a death yak
 16420 | Lair:4   | Noticed a death yak
 16424 | Lair:4   | Noticed a death yak
 16436 | Lair:3   | Killed a death yak
 16436 | Lair:3   | Reached XP level 13. HP: 92/125 MP: 12/12
 16633 | Lair:4   | Received a gift from Okawaru
 16633 | Lair:4   | Reached skill level 10 in Armour
 17402 | Lair:4   | Reached skill level 15 in Fighting
 17819 | Lair:5   | Reached ****** piety under Okawaru
 17861 | Lair:5   | Got an iridescent hand crossbow
 17862 | Lair:5   | Identified the +11 hand crossbow of Xehanig {velocity, rF++ rC+ MP+9 Int+3 Dex-2} (You found it on level 5 of the Lair of Beasts)
 18094 | Lair:5   | Upgraded the game from 0.18.1-8-gdd0e5ea to 0.18.1-50-g88ac8fd
 18129 | Lair:5   | Reached skill level 1 in Crossbows
 18287 | Lair:5   | Found a hole to the Spider Nest.
 18490 | Spider:1 | Entered Level 1 of the Spider Nest
 18599 | Spider:1 | Received a gift from Okawaru
 19148 | Spider:1 | Reached skill level 10 in Shields
 19295 | Spider:1 | Received a gift from Okawaru
 19767 | Spider:1 | Received a gift from Okawaru
 20215 | Spider:1 | Gained mutation: You evolve. [potion of beneficial mutation]
 20895 | Spider:1 | Noticed an emperor scorpion
 20907 | Spider:1 | Reached skill level 5 in Crossbows
 20907 | Spider:1 | Reached XP level 14. HP: 125/136 MP: 13/13
 21370 | Spider:2 | Noticed an emperor scorpion
 22192 | Spider:2 | Killed an emperor scorpion
 22261 | Spider:3 | Found a frozen archway.
 22264 | Spider:3 | Reached skill level 16 in Fighting
 22314 | IceCv    | Entered an ice cave
 22314 | IceCv    | Noticed a131a's ghost (journeyman KoBe)
 22314 | IceCv    | Noticed a131a's ghost (journeyman KoBe)
 23010 | Spider:3 | Noticed Louise
 23038 | Spider:3 | Cast into level 3 of the Abyss (Louise)
 23104 | Abyss:3  | Got a distressingly furry plate armour
 23105 | Abyss:3  | Identified the +5 plate armour "Iboijut" {rElec Dex+3} (You found it on level 3 of the Abyss)
 23168 | Abyss:3  | Found a corrupted altar of Lugonu.
 23243 | Abyss:3  | Noticed a tentacled starspawn
 23245 | Abyss:3  | Noticed a lich
 23275 | Abyss:3  | Killed from afar by a lich

Skill      XL: |  1  2  3  4  5  6  7  8  9 10 11 12 13 14 |
---------------+-------------------------------------------+-----
Maces & Flails | 3 4 5 6 7 9 11 13 14 | 14.2
Fighting       | 4 5 6 7 8 10 12 13 14 15 16 | 16.1
Dodging        | 4 7 9 11 | 11.5
Armour         | 7 9 11 12 | 12.2
Shields        | 4 7 10 11 | 11.3
Crossbows      | 5 6 |  6.8

Action                   |  1- 3 |  4- 6 |  7- 9 | 10-12 | 13-15 || total
-------------------------+-------+-------+-------+-------+-------++-------
Melee: Flail             |   114 |   143 |   159 |   625 |   757 ||  1798
       Headbutt          |    21 |    22 |    71 |   234 |   178 ||   526
       Dire flail        |       |       |   192 |   263 |       ||   455
 Fire: Hand crossbow     |       |       |       |       |    11 ||    11
Invok: Heroism           |       |       |       |       |     2 ||     2
 Abil: Evoke Berserk Rag |       |       |     3 |     4 |       ||     7
  Use: Scroll            |       |     5 |     3 |    10 |     3 ||    21
       Potion            |       |       |     1 |     6 |     7 ||    14
  Eat: Chunk             |     3 |     1 |     2 |    21 |    11 ||    38
       Bread ration      |       |     1 |     4 |     2 |     2 ||     9
       Pizza             |       |       |       |     1 |       ||     1
       Fruit             |       |       |       |       |     2 ||     2
       Meat ration       |       |       |       |       |     1 ||     1
Armor: Scale mail        |    17 |       |       |       |       ||    17
       Plate armour      |    14 |    72 |   159 |   241 |   147 ||   633
       Chain mail        |       |       |       |       |   153 ||   153
Dodge: Dodged            |    23 |    15 |    64 |   175 |   270 ||   547
Block: Shield            |    42 |    73 |    68 |   188 |   376 ||   747
